FIQ, lawful female dwarven Valkyrie ---------- |.........######################## |........| ------------- #------------ |........| |...........|####|..........| |.......h&# |...........| #-..........| |.......d|# |............####|..........| ----------# -.----------- |..........| # ## |..........| # # -----|------ # ### # ----- # # # #-...| # # # ###|...- # # # ## |^.{| #### # # #### |.^^| #--.-|----- `##%##%######### ----- #|........| %---.--- ### #|........| #|...>{| % #-.........##############|......### ---------- ---+--- FIQ the Woman-at-arms Experience level: 11 Strength: 18/23 Dexterity: 15 Constitution: 18 Intelligence: 8 Wisdom: 15 Charisma: 10 Health: 0(110) Energy: 12(12) Def: 16 Gold: 10196 Moves: 20700 Dungeon seed: iLLSvFpHEIMjj9sb Game ID: FIQ_1446845296 Your Inventory: Coins $ - 10196 gold pieces Weapons a - the blessed rustproof +0 Sceptre of Might v - the uncursed rustproof +0 Mjollnir Q - an uncursed rusty +0 long sword (wielded in other hand) W - the blessed rustproof +1 Excalibur (weapon in hand) Armor n - an uncursed +0 cloak of protection (being worn) r - a blessed +3 silver dragon scale mail (being worn) y - an uncursed +0 elven leather helm (being worn) N - an uncursed thoroughly rusty +0 pair of iron shoes (being worn) S - an uncursed rotted +0 pair of gauntlets of dexterity (being worn) Comestibles L - an uncursed lizard corpse Rings g - an uncursed ring of slow digestion (on left hand) Tools b - a blessed bag of holding h - a blessed +0 unicorn horn k - an uncursed skeleton key l - a blessed oil lamp (0:1230) t - an uncursed towel w - an uncursed magic whistle B - a blessed magic marker (0:12) Gems e - 2 uncursed fluorite stones Contents of the bag of holding: a cursed amulet of restful sleep named cursed the uncursed +0 Giantslayer an uncursed apple 2 uncursed cloves of garlic 2 uncursed eggs 2 uncursed food rations 4 uncursed scrolls of blank paper a blessed scroll of charging an uncursed scroll of confuse monster 2 uncursed scrolls of create monster a blessed scroll of destroy armor an uncursed scroll of destroy armor a cursed scroll of destroy armor a blessed scroll of enchant armor a cursed scroll of enchant armor an uncursed scroll of food detection 4 uncursed scrolls of light a blessed scroll of magic mapping 2 uncursed scrolls of magic mapping an uncursed scroll of remove curse an uncursed scroll of taming 2 uncursed scrolls of teleportation a cursed scroll of teleportation an uncursed potion of blindness an uncursed potion of fruit juice an uncursed potion of healing 2 potions of holy water an uncursed potion of object detection an uncursed potion of oil 2 blessed potions of paralysis 5 uncursed potions of paralysis 2 uncursed potions of restore ability 6 uncursed potions of water a cursed ring of aggravate monster named cursed an uncursed ring of cold resistance a cursed -1 ring of gain constitution an uncursed +2 ring of increase accuracy an uncursed ring of invisibility a cursed ring of polymorph named cursed an uncursed ring of searching an uncursed ring of sustain ability an uncursed ring of teleport control an uncursed ring of teleport control a cursed ring of teleportation an uncursed ring of warning an uncursed wand of create monster (1:11) an uncursed wand of death (0:3) an uncursed wand of digging (0:8) an uncursed wand of digging (0:4) an uncursed wand of digging (0:4) an uncursed wand of digging (0:3) a cursed wand of fire (0:4) an uncursed wand of fire (0:0) an uncursed wand of lightning (0:0) an uncursed wand of locking (0:3) an uncursed wand of magic missile (0:4) an uncursed wand of magic missile (0:4) a cursed wand of magic missile (0:0) a cursed wand of make invisible (0:5) an uncursed wand of opening (0:7) an uncursed wand of opening (0:2) an uncursed wand of sleep (0:2) an uncursed wand of speed monster (0:0) an uncursed wand of striking (0:2) an uncursed wand of teleportation (0:6) an uncursed wand of teleportation (0:6) an uncursed wand of undead turning (0:4) an uncursed magic whistle a blessed oil lamp (0:1310) an uncursed +0 unicorn horn an uncursed +0 unicorn horn Spells and supernatural/magical abilities: Name Level Category Fail Memory a - force bolt 1 attack 58% 98% f - fireball 4 attack 100% 98% p - protection 1 clerical 58% 98% r - remove curse 3 clerical 100% 98% s - slow monster 2 enchantment 69% 29% v - clairvoyance 3 divination 100% 98% A - create familiar 3 clerical 100% 22% R - restore ability 4 healing 100% 1% W - pray for help -- divine ? -- Your skills at the end: Fighting Skills two weapon combat [Skilled] wands [Skilled] Weapon Skills dagger [Basic] long sword [Expert] Spellcasting Skills Final Attributes: You were piously aligned. You were fire resistant. You were cold resistant. You were sleep resistant. You were shock resistant. You were poison resistant. You were magic-protected. You had automatic searching. You had infravision. You were stealthy. You had slower digestion. You were protected. You were fast. You had reflection. You were wielding two weapons at once. You were lucky. You are dead. Vanquished creatures: Juiblex a white dragon a vampire lord an aligned priest a clay golem a lurker above 2 frost giants 3 vampires 7 ghosts 2 lieutenants a winged gargoyle a mind flayer 2 giant mimics 2 fire giants a rock troll an Elvenking 2 hezrous a bone devil a large mimic 2 wumpuses a baby long worm a baby purple worm 2 stalkers a xorn a giant zombie an elf-lord 4 sergeants 13 water demons 2 wargs 2 small mimics a glass piercer a warhorse an ettin mummy an ogre lord a quantum mechanic a troll 2 wood golems a gelatinous cube 3 large dogs 4 freezing spheres 2 shocking spheres a large cat a dwarf king 4 leocrottas 2 mountain centaurs an elf mummy a red naga a pit viper 2 pythons a cobra 12 wraiths a carnivorous ape 3 ettin zombies 2 leather golems 2 Grey-elves 19 soldiers 2 succubi an incubus 5 giant beetles 2 quivering blobs 6 cockatrices 4 wolves 5 winter wolf cubs 2 lynxes 2 panthers 3 gremlins 21 leprechauns an orc-captain an iron piercer 5 giant spiders a horse 2 black lights 4 forest centaurs 2 gnome kings a dwarf mummy 4 brown puddings 3 rust monsters 2 owlbears 2 yetis 3 gold golems a werewolf 10 Green-elves 7 lizards a dog 2 dingos a housecat a jaguar a dwarf lord 4 blue jellies 4 gray unicorns a black unicorn 2 dust vortices 3 ravens 5 plains centaurs 4 gnome mummies 6 water moccasins an ape 10 human zombies a rope golem 2 Woodland-elves a soldier ant 11 fire ants 16 bugbears 2 imps a quasit 2 wood nymphs 2 water nymphs a mountain nymph 24 Mordor orcs 11 Uruk-hai 3 orc shamans 2 rock piercers 3 rock moles 3 ponies a fog cloud 3 yellow lights 6 shriekers 3 violet fungi 3 gnome lords 5 gnomish wizards a kobold mummy a black naga hatchling a golden naga hatchling a guardian naga hatchling 4 gray oozes 4 barrow wights 8 elf zombies 5 ghouls a straw golem 2 paper golems 3 baby crocodiles 5 giant ants a little dog 6 floating eyes 2 kittens a homunculus 6 kobold lords 4 kobold shamans 10 hill orcs 7 rothes a rabid rat 4 centipedes 3 giant bats 3 monkeys an orc zombie 4 dwarf zombies 4 wererats 2 werejackals 7 iguanas 8 killer bees 3 acid blobs 5 coyotes 6 gas spores 3 hobbits 4 manes 4 large kobolds 19 hobgoblins 6 giant rats 6 cave spiders 2 brown molds 6 yellow molds a red mold 17 gnomes 21 garter snakes 8 gnome zombies 3 geckos 10 jackals 4 foxes 6 kobolds 15 goblins 3 sewer rats 8 grid bugs 10 bats 9 lichens 11 kobold zombies 6 newts 693 creatures vanquished. Voluntary challenges: You had been an atheist until turn 2186. You used a wielded weapon 1049 times, starting on turn 38. You read items or engraved 176 times, starting on turn 684. You never genocided any monsters. You polymorphed 1 item, starting on turn 20173. You changed form 1 time, starting on turn 3458. You used 3 wishes, starting on turn 4345. You wished for your your first artifact on turn 4345. You split 2 puddings, starting on turn 4686. You wrote Elbereth's name 77 times, starting on turn 2224. You violated your moral code, losing 52 points of alignment, starting on turn 4057. Dungeon overview: The Dungeons of Doom: levels 1 to 23 Level 1 some fountains a long staircase Level 2 stairs to The Gnomish Mines Level 3 a potion shop Level 4 a scroll shop, a fountain Level 5 <- You were here some fountains Level 6 a fountain Level 7 Level 8 Level 9 some fountains Level 10 a fountain stairs to Sokoban Level 11 Level 12 Level 13 some fountains Level 14 Level 15 portal to The Quest Level 16 Level 17 Level 18 some fountains Level 19 some fountains Level 20 a fountain Level 21 Level 22 Level 23 The Gnomish Mines: levels 3 to 11 Level 3 stairs to The Dungeons of Doom Level 4 Level 5 many shops, a temple to Tyr, some fountains Level 6 Level 7 Level 8 Level 9 Level 10 Level 11 The Quest: Level 1 a fountain portal to The Dungeons of Doom Sokoban: levels 6 to 9 Level 6 Level 7 Level 8 Level 9 stairs to The Dungeons of Doom History has recorded: On T:1 you entered the Dungeons of Doom to retrieve the Amulet of Yendor! On T:328 you reached level 2 of The Dungeons of Doom. On T:639 you reached level 1 of The Gnomish Mines. On T:678 you advanced to experience level 2. On T:967 you advanced to experience level 3. On T:1044 you reached level 2 of The Gnomish Mines. On T:1432 you reached level 3 of The Gnomish Mines. On T:1542 you advanced to experience level 4. On T:2222 you advanced to experience level 5. On T:2346 you reached level 4 of The Gnomish Mines. On T:2493 you reached level 5 of The Gnomish Mines. On T:2611 you advanced to experience level 6. On T:2935 you reached level 6 of The Gnomish Mines. On T:3071 you advanced to experience level 7. On T:3114 you reached level 7 of The Gnomish Mines. On T:3325 you reached level 8 of The Gnomish Mines. On T:3418 you reached level 9 of The Gnomish Mines. On T:4063 you advanced to experience level 8. On T:4345 you wished for "blessed fixed +3 sceptre of might". On T:4887 you wished for "blessed fixed +3 silver dragon scale mail". On T:5043 you reached level 3 of The Dungeons of Doom. On T:5493 you reached level 4 of The Dungeons of Doom. On T:5776 you reached level 5 of The Dungeons of Doom. On T:6086 you reached level 6 of The Dungeons of Doom. On T:6246 you reached level 7 of The Dungeons of Doom. On T:6646 you advanced to experience level 9. On T:6735 you reached level 8 of The Dungeons of Doom. On T:7291 you reached level 9 of The Dungeons of Doom. On T:7724 you reached level 10 of The Dungeons of Doom. On T:8325 you reached level 4 of Sokoban. On T:8776 you reached level 11 of The Dungeons of Doom. On T:8963 you reached level 12 of The Dungeons of Doom. On T:9192 you advanced to experience level 10. On T:9569 you reached level 13 of The Dungeons of Doom. On T:9803 you reached level 14 of The Dungeons of Doom. On T:10645 you reached level 15 of The Dungeons of Doom. On T:10851 you reached level 1 of The Quest. On T:11231 you reached level 16 of The Dungeons of Doom. On T:11319 you reached level 17 of The Dungeons of Doom. On T:11519 you reached level 18 of The Dungeons of Doom. On T:12026 you reached level 19 of The Dungeons of Doom. On T:12152 you advanced to experience level 11. On T:12531 you reached level 20 of The Dungeons of Doom. On T:13007 you reached level 21 of The Dungeons of Doom. On T:13503 you reached level 22 of The Dungeons of Doom. On T:14195 you reached level 23 of The Dungeons of Doom. On T:15789 you reached level 3 of Sokoban. On T:16569 you reached level 2 of Sokoban. On T:17118 you reached level 1 of Sokoban. On T:19174 you killed Juiblex on level 6 of The Dungeons of Doom. On T:20094 you received Mjollnir from Tyr. On T:20303 you wished for "blessed magic marker". Score breakdown: Gold: 10196 (13635 points) Experience: 11 levels (17616 points) Exploration: 23 levels ( 45.10%) (19899 points) Discoveries: 63 items ( 25.30%) (15090 points) Valuables value: (no points given unless you survive) Artifact value: 10500 (13678 points) Variety of kills: 176 monsters ( 45.95%) (20336 points) Turncount: 20700 turns (-3453 points) Survival: died (score multiplied by 80%) Total score: 77440 Latest messages: You put a cursed ring of aggravate monster named cursed into the bag of holding. You put an uncursed ring of sustain ability into the bag of holding. You put an uncursed ring of cold resistance into the bag of holding. You put a cursed ring of teleportation into the bag of holding. You cannot stash something you are wearing. x - a cursed amulet of restful sleep named cursed. y - an uncursed +0 elven leather helm (being worn). z - 2 uncursed worthless pieces of blue glass. A - an uncursed ring of searching. C - an uncursed wand of striking (0:2). D - 4 uncursed scrolls of blank paper. J - a cursed ring of polymorph named cursed. K - an uncursed scroll of remove curse. N - an uncursed thoroughly rusty +0 pair of iron shoes (being worn). O - 2 uncursed food rations. P - an uncursed apple. You add to the writing in the dust with your fingers. Yeenoghu swings his flail. Yeenoghu hits! Yeenoghu swings his flail. Yeenoghu hits! (2x) You die... Final status: Farvel FIQ the Valkyrie, killed by Yeenoghu... You died in The Dungeons of Doom on dungeon level 5 with 77440 points, and 10196 pieces of gold, after 20700 moves. You were level 11 with a maximum of 110 hit points when you died.